[Event "Croatian Championship 2022"]
[Site "Split"]
[Date "2022.12.07"]
[Round "9.6"]
[White "Saric, Ivan"]
[Black "Zelcic, Robert"]
[Result "1-0"]
[ECO "B12"]
[WhiteElo "2674"]
[BlackElo "2496"]
[Annotator "TA"]
[PlyCount "127"]
[EventDate "2022.11.29"]
[EventType "tourn"]
[EventCountry "CRO"]
[SourceTitle "playchess.com"]
[Source "ChessBase"]
[SourceQuality "1"]
[TimeControl "40/5400+30:1800+30"]

1. e4 c6 2. d4 d5 3. e5 c5 4. Nf3 cxd4 5. Qxd4 Nc6 6. Qf4 {[%emt 0:00:05] B12: Caro-Kann: Advance Variation.} e6 7. Nc3 Nb4 {[%emt 0:00:33] [#]} 8. Qd2 $146 {[%emt 0:00:44] The position is equal.} ({Predecessor:} 8. Bd3 Nxd3+ 9. cxd3 Ne7 10. h4 h6 11. h5 Bd7 12. Bd2 Rc8 13. O-O Nf5 14. a4 {½-½ (43) Fier,A (2567)-Vallejo Pons,F (2702) Chennai 2022}) 8... Bd7 9. a3 Nc6 10. Bd3 f6 11. Qe2 fxe5 12. Nxe5 Nxe5 13. Qxe5 Nf6 {[%emt 0:01:50] Inhibits Qh5+.} 14. Be3 {[%emt 0:10:19] Against Qb6} Rc8 15. Nb5 {[%emt 0:05:25] White has more active pieces.} Kf7 16. Nd6+ (16. Nxa7 $16 Ra8 17. O-O) 16... Bxd6 $14 17. Qxd6 Re8 18. Bg5 (18. Bxa7 $2 Qa5+ 19. Qb4 Qxa7 $19) 18... h6 (18... Qa5+ {simplifies} 19. Bd2 Qc7 20. Qxc7 Rxc7 21. c3 e5) 19. Bxf6 gxf6 20. Qf4 {[%emt 0:03:35] Against Ba4} Qa5+ (20... Qc7 $11 21. Qe3 (21. Qxh6 Qe5+ 22. Qe3 Qxb2 $11) 21... Qe5) 21. b4 ({Better is} 21. c3 $1 $14) 21... Qc7 $15 22. Qxh6 Qe5+ 23. Kd2 Rg8 {[%emt 0:03:51][%mdl 1024] Black has strong compensation.} 24. Rae1 Qd4 $36 {[%emt 0:00:25][%mdl 2048] Black has strong initiative.} 25. Qh7+ Rg7 26. Qh5+ (26. Qh3 $17) 26... Ke7 $19 27. g3 Qxf2+ (27... e5 $19 28. Qh6 Kf7) 28. Kd1 $2 (28. Kc1 $17) 28... Qd4 29. Qh6 Rg5 30. Qh7+ (30. Qh4 {is the only way for White.} Rg4 31. Qh6) 30... Kd6 31. Rhf1 Re5 $2 (31... Ba4 $19 32. Rxe6+ Kxe6 33. Re1+ Re5 34. Qf5+ Ke7 35. Rxe5+ fxe5 36. Qxc8 Qxd3+ 37. Kc1 Qxa3+ 38. Kd1 Qa1+ 39. Kd2 Qd4+ 40. Kc1 e4 41. Qc7+ Bd7) 32. Rxe5 $15 fxe5 33. Rf7 Ba4 34. Ke1 $1 Qe3+ 35. Kf1 e4 36. Qh4 Re8 {[%emt 0:01:32] Prevents Qe7+.} (36... exd3 37. Qe7+ Ke5 38. Qf6+ Ke4 39. Qh4+ (39. Qxe6+ $2 Kd4 $19) 39... Ke5 40. Qf6+ Ke4 41. Qh4+ (41. Qxe6+ $2 Kd4 $19) 41... Ke5 42. Qf6+ $11) 37. Be2 Bxc2 (37... Qxa3 38. Qf4+ (38. Rxb7 Qc1+ 39. Kg2 Bc6 $11) 38... e5 39. Qf6+ Re6 40. Qd8+ Kc6 41. Qc7#) 38. Qh7 (38. Qf6 $15) 38... Ba4 $1 $19 {[%emt 0:00:26] Strongly threatening ...Rc8.} (38... Qxa3 39. Rd7+ (39. Rxb7 Rf8+ 40. Kg1 Qe3+ 41. Kh1 Rf1+ 42. Bxf1 Qf3+ 43. Kg1 Qe3+ 44. Kh1 Qf3+ 45. Kg1 Qe3+ 46. Kh1 $11) 39... Kc6 40. Rc7+ (40. Rxb7 Rf8+ 41. Kg1 Qe3+ 42. Kh1 Rf1+ 43. Bxf1 Qf3+ 44. Kg1 Qe3+ 45. Kh1 Qf3+ 46. Kg1 Qe3+ 47. Kh1 $11) 40... Kd6 41. Qd7+ Ke5 42. Qg7+ Kd6 43. Qd7+ Ke5 44. Qg7+ Kd6 45. Qd7+) 39. b5 {[%emt 0:00:00] aiming for Rd7+.} Bxb5 40. Bxb5 $11 {[%emt 0:00:00] Chess con chili.} Qc1+ 41. Kf2 {[%emt 0:06:00] White wants to mate with Rd7+.} Qc5+ 42. Kg2 (42. Ke1 $1 $11 Qxb5 43. Rxb7 Qa5+ 44. Kd1) 42... Qxb5 $15 43. Rxb7 {[%emt 0:00:04][%csl Gb7][%cal Rh7c7][%mdl 4096] Endgame KQR-KQR} Qc6 {[%emt 0:03:37] Against Qc7+} (43... Qe2+ $15 44. Kg1 Qe1+ 45. Kg2 Qe2+ 46. Kg1 Qe3+ 47. Kg2 Qd2+ 48. Kh1 Qc1+ 49. Kg2 Qc8) 44. Rxa7 $11 e3 45. Qf7 $2 (45. Qg7 $1 $11) 45... d4+ $19 46. Kg1 {[%emt 0:00:04] Hoping for Qf4+.} Qc1+ 47. Kg2 {[%emt 0:00:03] Rd7+ would kill now.} Qc2+ (47... Qc6+ 48. Kf1 $17) 48. Kg1 $2 (48. Kh1 $1 $11 {and White has nothing to worry.} Qc6+ 49. Kg1) 48... Qf2+ $1 49. Qxf2 exf2+ 50. Kxf2 {[%emt 0:00:04] KR-KR} Kd5 $2 ({Black should try} 50... e5 $19 {Threatens to win with ...e4.} 51. Ke2 e4) 51. g4 $1 $11 e5 52. g5 $1 e4 53. Rd7+ Kc4 $2 (53... Ke5 $14) 54. g6 $1 $18 Kd3 $2 (54... e3+ 55. Ke2 Rf8) 55. g7 $1 e3+ {[%emt 0:00:07] [#]} 56. Kf1 $1 {[%emt 0:00:27] And now h4 would win.} e2+ 57. Ke1 Rb8 58. Re7 Rc8 59. Rxe2 {[%emt 0:03:27] White mates.} Kc3 60. Rf2 Re8+ {[%emt 0:01:17] [#]} 61. Kd1 $1 Rb8 62. Rf8 Rb1+ 63. Ke2 d3+ 64. Kf2 {[%emt 0:00:15] Weighted Error Value: White=0.42/Black=0.51} (64. Ke3 $142 Re1+ 65. Kf2 d2 66. g8=Q (66. g8=B {is a self mate.} d1=Q 67. Rc8+ Kb2 68. Rb8+ Ka1) 66... Rf1+ 67. Kxf1 d1=Q+ 68. Kg2 Qe2+ 69. Rf2) 1-0

[Event "Croatian Championship 2022"]
[Site "Split"]
[Date "2022.12.08"]
[Round "10.1"]
[White "Martinovic, Sasa"]
[Black "Zelcic, Robert"]
[Result "1/2-1/2"]
[WhiteElo "2557"]
[BlackElo "2496"]
[Annotator "TA"]
[PlyCount "33"]
[EventDate "2022.11.29"]
[EventType "tourn"]
[EventCountry "CRO"]
[SourceTitle "playchess.com"]
[Source "ChessBase"]
[SourceQuality "1"]
[TimeControl "40/5400+30:1800+30"]

1. d4 Nf6 2. c4 e6 3. Nc3 Bb4 4. Nf3 c5 5. g3 cxd4 6. Nxd4 O-O 7. Bg2 d5 8. cxd5 Nxd5 9. Qb3 Bc5 {[%emt 0:00:02] E20: Nimzo-Indian: 4 g3 and 4 f3.} 10. Nxd5 {[%emt 0:04:06] [#] A balanced but interesting game.} {Predecessor:} Bxd4 $146 11. Nc3 Nc6 12. O-O e5 13. e3 Bxc3 14. Qxc3 Bg4 15. b4 Rc8 16. Qb2 Re8 17. Bd2 {½-½ (25) Spasov,S (2288)-Binas,J (2319) ICCF email 2016} 1/2-1/2

[Event "Croatian Championship 2022"]
[Site "Split"]
[Date "2022.12.08"]
[Round "10.2"]
[White "Bukal, Vladimir Jr."]
[Black "Saric, Ivan"]
[Result "0-1"]
[ECO "A48"]
[WhiteElo "2411"]
[BlackElo "2674"]
[Annotator "TA"]
[PlyCount "82"]
[EventDate "2022.11.29"]
[EventType "tourn"]
[EventCountry "CRO"]
[SourceTitle "playchess.com"]
[Source "ChessBase"]
[SourceQuality "1"]
[TimeControl "40/5400+30:1800+30"]

1. d4 Nf6 2. Nf3 g6 3. Bg5 Bg7 4. Nbd2 O-O 5. c3 h6 6. Bh4 d6 7. e4 c5 $1 {[%emt 0:00:56] 7...c5 scores better than 7...Nbd7.} 8. dxc5 dxc5 9. Qc2 {[%emt 0:03:50] A48: 1 d4 Nf6 2 Nf3 g6: Torre, London and Colle Systems.} Nc6 10. Be2 Nh5 11. O-O {[%emt 0:02:32] The position is equal.} g5 $5 {[%emt 0:04:22][%mdl 4] A promising side line.} 12. Bg3 Nxg3 13. hxg3 Qc7 14. Nc4 b6 15. Rfe1 Bb7 16. a4 Rad8 17. Rad1 e6 18. Rxd8 Rxd8 19. Rd1 g4 {[%emt 0:00:31] [#]} 20. Rxd8+ $146 ({Predecessor:} 20. Nh2 h5 21. Nf1 Ne5 22. Rxd8+ Qxd8 23. Qd2 Qxd2 24. Ncxd2 Bc6 25. Bb5 Bxb5 26. axb5 {0-1 (54) Itkis,B (2350)-Nevednichy,V (2563) Calimanesti 2014}) 20... Qxd8 21. Ne1 h5 22. Qc1 Ne5 23. Nxe5 Bxe5 {[%emt 0:00:05] A strong pair of Bishops.} 24. Qh6 Bg7 25. Qf4 Bc6 26. f3 Bxa4 27. fxg4 Bd1 28. Bf3 hxg4 {[%emt 0:00:39] Black is more active.} 29. Qxg4 Bb3 30. Qf4 {[%emt 0:01:24] Inhibits Qd2.} a5 ({Black should play} 30... e5 $17 31. Qe3 Qf6) 31. Bh5 {[%emt 0:02:20] [#] Loses the game.} (31. Be2 $1 $15) 31... e5 $1 $36 {[%emt 0:00:13][%mdl 2048] Keeping White busy.} 32. Qe3 {[%emt 0:03:07] [#]} Qd6 $1 33. Nd3 (33. Qe2 {keeps fighting.}) 33... a4 34. Kh2 Qh6 35. Qf3 ({Much worse is} 35. Qxh6 Bxh6 36. Kg1 f6 $19) 35... Qd2 36. Nf2 Qxb2 37. Ng4 $2 (37. Qe3 {was the crucial defense.} Qc2 38. Ng4) 37... Qd2 {[%emt 0:01:18] Black is clearly winning.} 38. Ne3 Be6 {[%emt 0:03:48] Threatens to win with ...a3.} 39. Nd5 Qg5 {[%emt 0:03:32] ...a3 is the strong threat.} 40. Qd1 a3 {[%emt 0:00:00] Hoping for ...a2.} 41. Be2 Bf8 {[%emt 0:10:00] Weighted Error Value: White=0.46/Black=0.06 (flawless)} 0-1

[Event "Croatian Championship 2022"]
[Site "Split"]
[Date "2022.12.08"]
[Round "10.3"]
[White "Bosiocic, Marin"]
[Black "Brkic, Ante"]
[Result "1/2-1/2"]
[ECO "E05"]
[WhiteElo "2536"]
[BlackElo "2610"]
[Annotator "TA"]
[PlyCount "45"]
[EventDate "2022.11.29"]
[EventType "tourn"]
[EventCountry "CRO"]
[SourceTitle "playchess.com"]
[Source "ChessBase"]
[SourceQuality "1"]
[TimeControl "40/5400+30:1800+30"]

1. Nf3 d5 2. g3 Nf6 3. Bg2 e6 4. O-O Be7 5. c4 O-O 6. d4 dxc4 7. Qc2 a6 8. Qxc4 b5 9. Qc2 Bb7 10. Bf4 Nc6 11. Nc3 {[%emt 0:00:07] The position is equal.} Nb4 {[%emt 0:00:06] E05: Open Catalan: 5 Nf3 Be7.} ({Resist} 11... Nxd4 12. Nxd4 Bxg2 13. Rfd1 $16) 12. Qd2 c5 13. dxc5 Bxc5 14. Qxd8 Rfxd8 15. a4 Ne4 16. Nxe4 Bxe4 {[%emt 0:00:04] [#]} 17. axb5 $146 ({Predecessor:} 17. Rfc1 Be7 18. axb5 axb5 19. Rxa8 Bxa8 20. Be3 Bf6 21. Bb6 {½-½ (21) Zidu,J (2483)-Bernal Varela,N (2500) FICGS email 2021}) 17... axb5 18. Rxa8 Bxa8 19. Rc1 Bb6 20. Ne1 Bxg2 21. Kxg2 f6 22. Nc2 {[%emt 0:00:02] Prevents e5.} Nxc2 23. Rxc2 {[%emt 0:00:03] An interesting draw.   Weighted Error Value: White=0.00 (flawless) /Black=0.00 (flawless)} 1/2-1/2

[Event "Croatian Championship 2022"]
[Site "Split"]
[Date "2022.12.08"]
[Round "10.4"]
[White "Kozul, Zdenko"]
[Black "Kurajica, Bojan"]
[Result "1/2-1/2"]
[ECO "D07"]
[WhiteElo "2539"]
[BlackElo "2487"]
[Annotator "TA"]
[PlyCount "99"]
[EventDate "2022.11.29"]
[EventType "tourn"]
[EventCountry "CRO"]
[SourceTitle "playchess.com"]
[Source "ChessBase"]
[SourceQuality "1"]
[TimeControl "40/5400+30:1800+30"]

1. d4 d5 2. c4 Nc6 3. Nc3 dxc4 4. d5 Ne5 5. f4 Nd7 6. e4 {[%emt 0:00:32] D07: Queen's Gambit: Chigorin Defence.} Nb6 7. a4 a5 $1 8. Be3 {[%emt 0:00:18] White is slightly better.} e6 9. Bxb6 cxb6 10. Bxc4 Bc5 11. dxe6 Bxe6 12. Bxe6 (12. Bb5+ {simplifies} Bd7 13. Qxd7+ Qxd7 14. Bxd7+ Kxd7 15. O-O-O+) 12... fxe6 {[%emt 0:07:29] [#]} 13. Qb3 $146 ({Predecessor:} 13. Qh5+ g6 14. Qe5 Qf6 15. Nf3 Qxe5 16. Nxe5 Nf6 17. Ke2 Ke7 18. Nd3 Rhd8 19. e5 {1-0 (30) Bekker Jensen,S (2372)-Olesen,M (2272) Denmark 2006}) 13... Qd4 14. Qxe6+ Ne7 15. Nge2 Qf2+ 16. Kd2 {[%emt 0:00:38] Kc2 is the strong threat. White is more active.} ({Don't do} 16. Kd1 Qxg2 17. Kc2 Qg6 $14) 16... Rd8+ (16... Bb4 $16 {was called for.}) 17. Kc2 $1 $18 ({Worse is} 17. Kc1 Qxg2 18. Kc2 (18. Rd1 $2 Rxd1+ 19. Kxd1 Qh1+ 20. Kc2 Qxa1 $19) 18... Qg6 $11) 17... Rd6 (17... Qe3 $2 18. Rhd1 $18) 18. Qh3 Rg6 19. g4 Bb4 20. Rhf1 Qc5 21. f5 {[%emt 0:04:46] Against Re6} Rh6 22. Qg3 Nc6 23. Rad1 Qe5 (23... Qc4 $2 24. g5 Rh5 25. b3 $18) 24. Rh1 Qxg3 25. hxg3 ({But not} 25. Nxg3 $6 O-O 26. h3 Re8) 25... Rxh1 26. Rxh1 Ne5 27. g5 {[%emt 0:04:15][%cal Og5g6] Threatens to win with g6!} O-O (27... Nf7 $142 28. Nd5 Nxg5) 28. Nf4 Rc8 29. Nfd5 {[%emt 0:01:14] Prevents Be7.} (29. Rd1 $142) 29... Bc5 30. Kb3 Nf3 31. Rh5 Rc6 {[%emt 0:00:58] [#]} 32. f6 $2 ({White should play} 32. g4 $1 $16) 32... g6 $1 $11 33. Rh1 {[%emt 0:02:33] And now Ne7+ would win.} Nxg5 34. Ne7+ Bxe7 35. fxe7 {[%emt 0:00:05][%mdl 4096] Endgame KRN-KRN} Re6 {[%emt 0:01:01][%csl LRe4,LRe7] Inhibits e8Q+.} 36. Nd5 Nxe4 37. Rc1 {[%emt 0:03:39] Strongly threatening Rc8+.} Nc5+ (37... Nxg3 $2 38. Rc8+ Kf7 39. Rf8+ Kg7 40. e8=Q Rxe8 41. Rxe8 $18) (37... Nd6 $1 $15) 38. Kc4 Kg7 {[%emt 0:01:38] Against e8Q} 39. Kb5 Re5 $2 (39... h5 $11 {and Black stays safe.}) 40. Kxb6 $18 Nd7+ (40... Nxa4+ $2 41. Kc7 $18) 41. Kxb7 {[%emt 0:02:34] aiming for Rc7.} Nf6 {[%emt 0:06:59] [#]} 42. Rc7 $1 Ne8 43. Rc5 h5 44. Kb6 Kf7 45. Rxa5 g5 46. Rc5 (46. Kc6 $18 {is more deadly.}) 46... h4 $16 47. gxh4 gxh4 48. Nf4 $1 {[%emt 0:00:04] Against h3} Re4 49. Nh3 (49. Rf5+ $16 Kxe7 50. b3) 49... Rxa4 $11 50. Rf5+ {[%emt 0:00:43] Weighted Error Value: White=0.21 (precise) /Black=0.26 (precise)} 1/2-1/2

[Event "Croatian Championship 2022"]
[Site "Split"]
[Date "2022.12.08"]
[Round "10.5"]
[White "Doric, Darko"]
[Black "Stevic, Hrvoje"]
[Result "0-1"]
[ECO "E93"]
[WhiteElo "2446"]
[BlackElo "2543"]
[Annotator "TA"]
[PlyCount "62"]
[EventDate "2022.11.29"]
[EventType "tourn"]
[EventCountry "CRO"]
[SourceTitle "playchess.com"]
[Source "ChessBase"]
[SourceQuality "1"]
[TimeControl "40/5400+30:1800+30"]

1. d4 Nf6 2. c4 g6 3. Nc3 Bg7 4. e4 d6 5. Be2 O-O 6. Be3 e5 7. d5 Na6 8. h3 Nc5 9. Qc2 a5 10. Nf3 Nh5 {[%emt 0:04:26][%cal Bf6h5,Bh5f4,Bf4e2][%mdl 32] E93: King's Indian: Classical: Petrosian System with 7...Nbd7.} 11. O-O Nf4 12. Rfe1 {[%emt 0:00:22] [#]} Nxe2+ $146 {[%emt 0:09:26] Black is slightly better.} ({Predecessor:} 12... b6 13. Rad1 Nxe2+ 14. Rxe2 f5 15. Bg5 Qe8 16. Be3 Ba6 17. b3 a4 18. b4 Nxe4 19. Nxe4 fxe4 {1-0 (35) Dolzhikov,A (1808)-Pardoe,I (1687) ICCF email 2018}) 13. Qxe2 b6 14. Bg5 f6 15. Bh4 g5 16. Bg3 f5 17. exf5 Bxf5 18. Rad1 ({White must play} 18. Qe3 $1 $15) 18... g4 $17 19. Nh4 gxh3 20. Nxf5 Rxf5 21. Qg4 Qf6 22. Qxh3 Qg6 $36 {[%emt 0:00:50][%mdl 2048] [#] White must now prevent ...Rh5. White is under strong pressure.} 23. Bh2 (23. Bh4 $17 {is the only way for White.}) 23... Rh5 24. Qe3 Kh8 25. f3 Bh6 26. Qe2 Rf8 27. Ne4 Bf4 28. Bxf4 Rxf4 29. Nxc5 bxc5 30. Kf2 {[%emt 0:05:59] [#] Prevents Qg3+.} (30. Qf2) 30... Rh2 $19 31. Rg1 e4 {[%emt 0:00:21] White did not feel at home in the position after the opening.   Weighted Error Value: White=0.64/Black=0.02 (flawless)} 0-1

[Event "Croatian Championship 2022"]
[Site "Split"]
[Date "2022.12.08"]
[Round "10.6"]
[White "Saric, Ante"]
[Black "Jovanovic, Zoran"]
[Result "1/2-1/2"]
[ECO "E62"]
[WhiteElo "2504"]
[BlackElo "2513"]
[Annotator "TA"]
[PlyCount "35"]
[EventDate "2022.11.29"]
[EventType "tourn"]
[EventCountry "CRO"]
[SourceTitle "playchess.com"]
[Source "ChessBase"]
[SourceQuality "1"]
[TimeControl "40/5400+30:1800+30"]

1. Nf3 d6 2. d4 Nf6 3. g3 g6 4. Bg2 Bg7 5. O-O O-O 6. c4 c6 7. Nc3 Bf5 8. b3 Ne4 9. Bb2 Nxc3 10. Bxc3 Be4 11. e3 b5 {[%emt 0:00:05] E62: King's Indian: Fianchetto: 6...c6 and Panno Variation (6...Nc6) without ...a6.} 12. Qe2 bxc4 {[%emt 0:00:08] The position is equal.} 13. Qxc4 Nd7 {[%emt 0:08:49] [#]} 14. Rac1 $146 ({Predecessor:} 14. Rfc1 a5 15. Nd2 Nb6 16. Qe2 Bxg2 17. Kxg2 Nd5 18. Bb2 c5 19. Nf3 cxd4 20. Bxd4 Qd7 21. Rc4 {½-½ (21) Blagojevic,D (2482)-Tadic,B (2464) Niksic 2016}) 14... Qb6 15. Rfd1 Qb7 16. Ne1 Bxg2 17. Nxg2 a5 18. Nf4 {[%emt 0:02:53] An interesting draw.   Weighted Error Value: White=0.09 (flawless) /Black=0.04 (flawless)} 1/2-1/2

[Event "Croatian Championship 2022"]
[Site "Split"]
[Date "2022.12.09"]
[Round "11.1"]
[White "Jovanovic, Zoran"]
[Black "Martinovic, Sasa"]
[Result "1/2-1/2"]
[ECO "C18"]
[WhiteElo "2513"]
[BlackElo "2557"]
[Annotator "TA"]
[PlyCount "39"]
[EventDate "2022.11.29"]
[EventType "tourn"]
[EventCountry "CRO"]
[SourceTitle "playchess.com"]
[Source "ChessBase"]
[SourceQuality "1"]
[TimeControl "40/5400+30:1800+30"]

1. e4 e6 2. d4 d5 3. Nc3 Bb4 4. e5 c5 5. a3 Bxc3+ 6. bxc3 Qa5 7. Bd2 Qa4 8. Qg4 Kf8 9. Qd1 {[%emt 0:00:04] 9.h4 injects fresh life into this line. C18: French: 3 Nc3 Bb4: Main line: 7 h4 and 7 Qg4.} b6 10. dxc5 bxc5 11. c4 {[%emt 0:00:02] The position is equal. 11.Nf3 is vanishing.} Ne7 12. cxd5 exd5 13. Nf3 Nbc6 14. Be2 Bf5 15. c3 Qxd1+ 16. Rxd1 {[%emt 0:00:04] [#] White is slightly better.} Rb8 $146 ({Predecessor:} 16... Bc2 17. Rc1 Be4 18. Be3 c4 19. O-O Ng6 20. Rfd1 Ngxe5 21. Ne1 Rd8 22. f3 Bf5 {½-½ (31) Daubenfeld,N (2533)-Tauber,H (2539) ICCF email 2017}) 17. Be3 c4 18. Nd4 Nxd4 19. Bxd4 a5 20. O-O {[%emt 0:00:32] Weighted Error Value: White=0.01 (flawless) /Black=0.06 (flawless)} 1/2-1/2

[Event "Croatian Championship 2022"]
[Site "Split"]
[Date "2022.12.09"]
[Round "11.2"]
[White "Stevic, Hrvoje"]
[Black "Saric, Ante"]
[Result "1/2-1/2"]
[ECO "B18"]
[WhiteElo "2543"]
[BlackElo "2504"]
[Annotator "TA"]
[PlyCount "40"]
[EventDate "2022.11.29"]
[EventType "tourn"]
[EventCountry "CRO"]
[SourceTitle "playchess.com"]
[Source "ChessBase"]
[SourceQuality "1"]
[TimeControl "40/5400+30:1800+30"]

1. e4 c6 2. d4 d5 3. Nc3 dxe4 4. Nxe4 Bf5 5. Ng3 Bg6 6. Nf3 Nd7 7. Bd3 Bxd3 8. Qxd3 Ngf6 9. O-O e6 10. c4 Be7 11. b3 O-O {[%emt 0:00:04] B18: Classical Caro-Kann: 4...Bf5 sidelines.} 12. Bb2 {[%emt 0:00:02] [#] Not much happened in this game.} {Predecessor:} Qc7 $146 13. Rad1 Rad8 14. Ne4 Nxe4 15. Qxe4 Rfe8 16. Qe2 Bf6 17. Ne5 Nxe5 18. dxe5 Be7 19. Bc3 Rxd1 20. Rxd1 Rd8 {½-½ (31) Spasov,V (2553)-Georgiev,K (2623) Pleven 2015} 1/2-1/2

[Event "Croatian Championship 2022"]
[Site "Split"]
[Date "2022.12.09"]
[Round "11.3"]
[White "Kurajica, Bojan"]
[Black "Doric, Darko"]
[Result "1/2-1/2"]
[ECO "A17"]
[WhiteElo "2487"]
[BlackElo "2446"]
[Annotator "TA"]
[PlyCount "34"]
[EventDate "2022.11.29"]
[EventType "tourn"]
[EventCountry "CRO"]
[SourceTitle "playchess.com"]
[Source "ChessBase"]
[SourceQuality "1"]
[TimeControl "40/5400+30:1800+30"]

1. d4 d5 2. c4 e6 3. cxd5 exd5 4. Nc3 c6 5. Nf3 Bf5 6. g3 Bd6 7. Bg2 Nf6 8. O-O O-O 9. Bg5 {[%emt 0:00:05] A17: English Opening: 1...Nf6 with ...Bb4.} h6 10. Bxf6 Qxf6 11. e3 {[%emt 0:00:02] [#] Not much happened in this game.   Weighted Error Value: White=0.11 (very precise) /Black=0.12 (very precise)} {Predecessor:} Nd7 $146 12. Qd2 Rfe8 13. a3 Qe6 14. Rfc1 Bh3 15. Bh1 Nf6 16. b4 Ne4 17. Nxe4 dxe4 {0-1 (43) Stadlinger,M (1865)-Cafasso,E (1973) Playchess.com INT 2020} 1/2-1/2

[Event "Croatian Championship 2022"]
[Site "Split"]
[Date "2022.12.09"]
[Round "11.4"]
[White "Brkic, Ante"]
[Black "Kozul, Zdenko"]
[Result "1/2-1/2"]
[ECO "B52"]
[WhiteElo "2610"]
[BlackElo "2539"]
[Annotator "TA"]
[PlyCount "26"]
[EventDate "2022.11.29"]
[EventType "tourn"]
[EventCountry "CRO"]
[SourceTitle "playchess.com"]
[Source "ChessBase"]
[SourceQuality "1"]
[TimeControl "40/5400+30:1800+30"]

1. e4 c5 2. Nf3 d6 3. Bb5+ Bd7 4. Bxd7+ Qxd7 5. O-O Nf6 6. Re1 e6 7. c3 Nc6 8. d4 cxd4 9. cxd4 d5 10. e5 Ne4 11. Nbd2 Nxd2 $1 {[%emt 0:00:04] B52: Sicilian: Moscow Variation with 3...Bd7.} ({Don't take} 11... Bb4 12. Nxe4 dxe4 13. Rxe4 $16) 12. Bxd2 {[%emt 0:00:00] [#] Not much happened in this game.} {Predecessor:} Be7 $146 13. Rc1 Nb8 {½-½ (13) Iordachescu,V (2584)-Amonatov,F (2598) Sharjah 2022} 1/2-1/2

[Event "Croatian Championship 2022"]
[Site "Split"]
[Date "2022.12.09"]
[Round "11.5"]
[White "Saric, Ivan"]
[Black "Bosiocic, Marin"]
[Result "1/2-1/2"]
[WhiteElo "2674"]
[BlackElo "2536"]
[Annotator "TA"]
[PlyCount "30"]
[EventDate "2022.11.29"]
[EventType "tourn"]
[EventCountry "CRO"]
[SourceTitle "playchess.com"]
[Source "ChessBase"]
[SourceQuality "1"]
[TimeControl "40/5400+30:1800+30"]

1. e4 e6 2. d4 d5 3. exd5 exd5 4. Nf3 Nf6 5. Bd3 Bd6 6. O-O O-O 7. h3 h6 {[%emt 0:00:03] [#]} {Predecessor:} 8. c4 $146 {C01: French: Exchange Variation.} dxc4 9. Bxc4 Nc6 10. Nc3 a6 11. a3 Bf5 12. Re1 Qd7 13. Be3 Rfe8 14. Bf1 Rad8 15. d5 Ne5 {0-1 (50) Nihal,S (2648)-Erigaisi,A (2675) Chess.com INT 2022} 1/2-1/2